 Dungeon Crawl Stone Soup version 0.22.1-5-g62c59d9 (webtiles) character file.

11937 JeffiDaFish the Necromancer (level 11, -7/63 HPs)
             Began as a Deep Elf Necromancer on Jan 8, 2019.
             Was an Elder of Sif Muna.
             Mangled by Gastronok (22 damage)
             ... on level 2 of the Lair of Beasts.
             The game lasted 00:36:06 (16246 turns).

JeffiDaFish the Necromancer (Deep Elf Necromancer) Turns: 16246, Time: 00:36:07

Health: -7/63      AC: 10    Str:  9    XL:     11   Next: 55%
Magic:  13/26      EV: 19    Int: 26    God:    Sif Muna [****..]
Gold:   598        SH:  0    Dex: 15    Spells: 17/29 levels left

rFire    + . .     SeeInvis .   e - +3 dagger (holy)
rCold    + . .     Gourm    .   (no shield)
rNeg     . . .     Faith    .   m - +1 robe "Koitofuh" {rF+ Str+4 Int+2}
rPois    .         Spirit   .   h - +0 helmet
rElec    .         Reflect  .   i - +2 cloak
rCorr    .         Harm     .   d - +2 pair of gloves
MR       +....                  (no boots)
Stlth    ++........             (no amulet)
HPRegen  0.20/turn              l - ring of protection from cold
MPRegen  0.20/turn              (no ring)

@: slowed, divine energy, very slow
A: no striking features
a: Stop Divine Energy, Channel Magic, Forget Spell, Renounce Religion


You were on level 2 of the Lair of Beasts.
You worshipped Sif Muna.
Sif Muna was greatly pleased with you.
You were very hungry.

You visited 3 branches of the dungeon, and saw 12 of its levels.

You collected 598 gold pieces.

Inventory:

Hand Weapons
 e - a +3 dagger of holy wrath (weapon)
Armour
 d - a +2 pair of gloves (worn)
 h - a +0 helmet (worn)
 i - a +2 cloak (worn)
 m - the +1 robe "Koitofuh" (worn) {rF+ Str+4 Int+2}
   (You found it on level 5 of the Dungeon)

   It affects your strength (+4).
   It affects your intelligence (+2).
   It protects you from fire.
Jewellery
 b - a cursed ring of attention {unknown}
 f - an uncursed ring of flight {unknown}
 l - a ring of protection from cold (left hand)
 n - an uncursed amulet of rage
Wands
 o - a wand of digging (14)
 r - a wand of random effects (46)
 s - a wand of disintegration (33)
 u - a wand of acid (10)
 v - a wand of flame (31)
Scrolls
 g - 4 scrolls of identify
 j - 8 scrolls of remove curse
Potions
 a - 4 potions of curing
 k - 2 potions of might
 p - a potion of flight
 q - a potion of agility
 t - a potion of berserk rage
Comestibles
 c - 33 rations


   Skills:
 - Level 5.0 Fighting
 - Level 10.4 Dodging
 - Level 2.4 Stealth
 + Level 9.6 Spellcasting
 + Level 8.8 Hexes
 * Level 15.5 Necromancy


You had 17 spell levels left.
You knew the following spells:

 Your Spells              Type           Power        Failure   Level  Hunger
a - Pain                  Necr           ####         0%          1    None
b - Ensorcelled Hibernat  Hex/Ice        #####.       1%          2    None
c - Vampiric Draining     Necr           #######...   1%          3    None
d - Regeneration          Chrm/Necr      ######....   1%          3    None
e - Confuse               Hex            ######..     1%          3    None

Your spell library contained the following spells:

 Spells                   Type           Power        Failure   Level  Hunger
 Animate Skeleton         Necr           N/A          0%          1    None
 Corona                   Hex            ######.      1%          1    None
 Slow                     Hex            ######..     1%          2    None
 Tukima's Dance           Hex            ######..     1%          3    None
 Animate Dead             Necr           N/A          1%          4    None
 Dazzling Spray           Conj/Hex       #####.       2%          3    None
 Magic Dart               Conj           ##..         4%          1    None
 Blink                    Tloc           N/A          8%          2    None
 Call Imp                 Summ           ##......     8%          2    None
 Conjure Flame            Conj/Fire      ##......     14%         3    None
 Mephitic Cloud           Conj/Pois/Air  ##......     14%         3    None


Dungeon Overview and Level Annotations

Branches:
Dungeon (9/15)             Temple (1/1) D:4            Lair (2/6) D:9
 Spider (0/4) Lair:2
  Swamp: Lair:2-4    Shoals: Lair:2-4       Orc: D:9-12

Altars:
Ashenzari
Cheibriados
Dithmenos
Elyvilon
Fedhas
Gozag
Hepliaklqana
Kikubaaqudgha
Makhleb
Nemelex Xobeh
Okawaru
Qazlal
Ru
Sif Muna
Trog
Uskayaw
Vehumet
Wu Jian
Xom
Yredelemnul
Zin
The Shining One

Annotations:
D:7 1 runed door, SmSkdm's ghost, novice GnNe
Lair:2 Gastronok


Message History

Confirm with . or Enter, or press ? or * to list all spells.
Aiming: Vampiric Draining (safe; 1% risk of failure)
Press: ? - help, Shift-Dir - straight line, f/p - Gastronok
Aim: Gastronok, wearing a glowing hat (moderately wounded, covering ground Gastronok is moderately wounded.
You feel life coursing into your body. The bat closely misses you.
The river rat barely misses you. The rat completely misses you.
Gastronok bites you!!
* * * LOW HITPOINT WARNING * * *
The rat completely misses you. The river rat bites you.
* * * LOW HITPOINT WARNING * * *
Casting: Vampiric Draining (safe; 1% risk of failure)
Confirm with . or Enter, or press ? or * to list all spells.
Aiming: Vampiric Draining (safe; 1% risk of failure)
Press: ? - help, Shift-Dir - straight line, f/p - Gastronok
Aim: Gastronok, wearing a glowing hat (moderately wounded, covering ground Gastronok is moderately wounded.
You feel life coursing into your body. The bat completely misses you.
The river rat misses you. The rat barely misses you. Gastronok bites you!!
You die...

#### ### #### ### ########.#. #
#.####P.####P###...##.##.# ## ###
##.....................§.. .###.#
##.......rw............§§≈
(...####........@.............§≈≈
..........)......rb...........≈≈#
...........##≈≈≈##............≈≈#
.........####...####..........≈≈#
#.......##^#..>..####.........≈≈#
#..P#..##^#.#...#.#^#.........≈≈§
....#...##^###.#.#.##............
....#..######.###.#.#...##P#.....
###.....##.###.###^##...######P.#


You could see Gastronok, a river rat, a bat and a rat.

Vanquished Creatures
  A two-headed ogre (D:9)
  A death yak (D:8)
  A black mamba (Lair:1)
  A spiny frog (Lair:1)
  4 jumping spiders (Lair:2)
  A queen bee (D:9)
  8 hippogriffs
  A spriggan (D:7)
  5 redbacks (Lair:2)
  Eustachio (D:5)
  4 fire bats (Lair:2)
  A basilisk (Lair:2)
  3 water moccasins
  5 porcupines
  An ice beast (D:6)
  2 sky beasts
  2 ogres
  A phantom (D:6)
  3 centaurs
  4 crocodiles
  8 bullfrogs
  2 scorpions
  40 killer bees
  3 crimson imps
  A quasit (D:7)
  2 orc priests
  A centaur skeleton (D:5)
  4 hounds
  5 jellies
  6 orc wizards
  Terence (D:2)
  Crazy Yiuf (D:5)
  Jessica (D:2)
  An iguana (D:9)
  6 worker ants
  A killer bee zombie (D:8)
  A hound zombie (D:7)
  2 worker ant zombies
  10 gnolls
  10 adders
  4 river rats
  2 shadow imps (D:7)
  2 oozes (D:3)
  2 adder skeletons (D:7)
  2 worms (D:3)
  2 dart slugs (D:2)
  6 leopard geckos
  11 orcs
  5 giant cockroaches
  7 goblins
  4 hobgoblins
  34 jackals
  2 quokkas (D:9)
  A ball python (D:4)
  9 bats
  4 frilled lizards
  4 kobolds
  A leopard gecko skeleton (D:8)
  2 quokka zombies
  10 rats
270 creatures vanquished.

Vanquished Creatures (others)
  8 fungi
  13 plants (Lair:2)
21 creatures vanquished.

Grand Total: 291 creatures vanquished

Notes
Turn   | Place    | Note
-------+----------+-------------------------------------------
     0 | D:1      | JeffiDaFish the Deep Elf Necromancer began the quest for
                  | the Orb.
     0 | D:1      | Reached XP level 1. HP: 10/10 MP: 6/6
    14 | D:1      | Reached skill level 5 in Necromancy
   340 | D:1      | Reached XP level 2. HP: 10/15 MP: 1/8
  1208 | D:2      | Reached XP level 3. HP: 18/19 MP: 6/9
  1212 | D:2      | Learned a level 2 spell: Ensorcelled Hibernation
  1408 | D:2      | Noticed Jessica
  1412 | D:2      | Killed Jessica
  1412 | D:2      | Reached skill level 1 in Hexes
  1433 | D:2      | Learned a level 3 spell: Vampiric Draining
  1437 | D:2      | Learned a level 3 spell: Regeneration
  1464 | D:2      | Found a faded altar of an unknown god.
  1635 | D:2      | Noticed Terence
  1641 | D:2      | Killed Terence
  1641 | D:2      | Reached skill level 6 in Necromancy
  1641 | D:2      | Reached XP level 4. HP: 20/24 MP: 6/11
  2138 | D:3      | Found a hazy altar of Hepliaklqana.
  2189 | D:3      | Reached XP level 5. HP: 22/28 MP: 7/13
  2378 | D:3      | HP: 1/28 [orc wizard/dagger of holy wrath (7)]
  2961 | D:3      | Reached XP level 6. HP: 22/32 MP: 6/14
  3136 | D:4      | Reached skill level 7 in Necromancy
  3153 | D:4      | Reached skill level 5 in Fighting
  3153 | D:4      | Reached skill level 12 in Necromancy
  3153 | D:4      | Reached XP level 7. HP: 44/44 MP: 16/16
  3530 | D:4      | Found a staircase to the Ecumenical Temple.
  3541 | Temple   | Entered the Ecumenical Temple
  3659 | Temple   | Became a worshipper of Sif Muna the Loreminder
  4303 | D:5      | Entered Level 5 of the Dungeon
  4331 | D:5      | Found a runed door.
  4393 | D:5      | Noticed Crazy Yiuf
  4396 | D:5      | Killed Crazy Yiuf
  4467 | D:5      | Reached skill level 5 in Spellcasting
  4536 | D:5      | Identified the cursed +1 robe "Koitofuh" {rF+ Str+4 Int+2}
                  | (You found it on level 5 of the Dungeon)
  4670 | D:5      | Noticed Eustachio
  4684 | D:5      | Killed Eustachio
  4684 | D:5      | Reached XP level 8. HP: 36/49 MP: 1/17
  6311 | D:7      | Reached * piety under Sif Muna
  6649 | D:7      | Reached skill level 13 in Necromancy
  6649 | D:7      | Reached XP level 9. HP: 37/54 MP: 2/19
  7139 | D:7      | Learned a level 3 spell: Confuse
  7281 | D:7      | Found a runed door.
  7281 | D:7      | Noticed SmSkdm's ghost (novice GnNe)
  7806 | D:7      | Reached skill level 5 in Hexes
  8708 | D:8      | Reached ** piety under Sif Muna
  9630 | D:9      | Noticed a death yak
  9631 | D:9      | Found a staircase to the Lair.
  9631 | D:9      | Noticed a death yak
  9684 | D:9      | Noticed a queen bee
  9693 | D:9      | Killed a queen bee
  9693 | D:9      | Reached XP level 10. HP: 36/59 MP: 8/22
 10579 | D:9      | Reached skill level 14 in Necromancy
 10677 | D:9      | Reached skill level 10 in Dodging
 10783 | D:9      | Noticed a two-headed ogre
 10808 | D:9      | Killed a two-headed ogre
 10822 | D:9      | Noticed a death yak
 10842 | D:9      | HP: 1/59 [hippogriff (4)]
 11116 | D:8      | HP: 2/59 [death yak (12)]
 11121 | D:8      | HP: 2/59 [death yak (22)]
 11130 | D:8      | Killed a death yak
 11411 | D:9      | Reached *** piety under Sif Muna
 11955 | Lair:1   | Entered Level 1 of the Lair of Beasts
 12006 | Lair:1   | Noticed a black mamba
 12013 | Lair:1   | Killed a black mamba
 12130 | Lair:1   | Reached XP level 11. HP: 41/63 MP: 10/25
 13515 | Lair:2   | Reached skill level 15 in Necromancy
 13747 | Lair:2   | Reached **** piety under Sif Muna
 14583 | Lair:2   | Found a hole to the Spider Nest.
 15558 | Lair:2   | Noticed Gastronok
 16246 | Lair:2   | Mangled by Gastronok

Skill      XL: |  1  2  3  4  5  6  7  8  9 10 11 |
---------------+----------------------------------+-----
Necromancy     | 5 6 12 13 14 15 | 15.5
Dodging        | 3 8 9 10 | 10.4
Hexes          | 1 2 3 4 5 7 8 |  8.8
Spellcasting   | 4 5 7 8 9 |  9.6
Fighting       | 5 |  5.0
Stealth        | |  2.4

Action                   |  1- 3 |  4- 6 |  7- 9 | 10-12 || total
-------------------------+-------+-------+-------+-------++-------
Melee: Dagger            |     6 |    59 |   323 |    98 ||   486
 Cast: Pain              |    47 |    60 |   233 |   297 ||   637
       Ensorcelled Hiber |     1 |       |     9 |     1 ||    11
       Vampiric Draining |       |     8 |    48 |   107 ||   163
       Regeneration      |       |       |     6 |     7 ||    13
       Confuse           |       |       |       |     3 ||     3
Invok: Divine Energy     |       |       |     1 |       ||     1
  Use: Scroll            |     4 |     2 |    12 |     5 ||    23
       Potion            |     6 |     1 |     7 |     3 ||    17
 Stab: Sleeping          |     4 |     5 |     9 |     1 ||    19
  Eat: Chunk             |     2 |     5 |    20 |    14 ||    41
       Ration            |       |       |       |     2 ||     2
Armor: Robe              |     4 |    19 |   129 |   109 ||   261
Dodge: Dodged            |    11 |    55 |   479 |   528 ||  1073
